 Dungeon Sprint DCSS version 0.30-a0-719-gcc4359ea44 (webtiles) character file.

Game seed: 11758435388794559832

431 CrazyBamboolord the Fighter (level 6, -2/66 HPs)
             Began as a Minotaur Fighter on Jan 26, 2023.
             Was an Initiate of Okawaru.
             Killed from afar by Sonja (6 damage)
             ... with a bolt of acid
             ... in the Dungeon (Sprint I: "Red Sonja").
             The game lasted 00:01:37 (273 turns).

CrazyBamboolord the Fighter (Minotaur Fighter)       Turns: 273, Time: 00:01:37

Health: -2/66      AC: 10    Str: 25    XL:     6   Next: 67%
Magic:  5/5        EV: 10    Int:  5    God:    Okawaru [......]
Gold:   69         SH:  5    Dex:  9    Spells: 5/5 levels left

rFire   . . .      SeeInvis .    a - +0 flail
rCold   . . .      Faith    .    c - +0 buckler
rNeg    . . .      Spirit   .    b - +0 scale mail
rPois   .          Reflect  .    (helmet restricted)
rElec   .          Harm     .    (no cloak)
rCorr   .          Rampage  .    l - +0 pair of gloves "Acurip" {Str+2}
Will    .....      NoTele   +    (no boots) Stlth
                                 (no amulet)
HPRegen 0.31/turn                (no ring)
MPRegen 0.09/turn                (no ring)

@: slowed, very slow
A: horns 2, retaliatory headbutt
a: Renounce Religion


You were in the Dungeon.
You worshipped Okawaru.
Okawaru was noncommittal.
You visited 1 branch You collected 297 gold pieces.
You spent 228 gold pieces at shops.

Inventory:

Hand Weapons
 a - a +0 flail (weapon)
Armour
 b - a +0 scale mail (worn)
 c - a +0 buckler (worn)
 l - the +0 pair of gloves "Acurip" (worn) {Str+2}
   (You bought it in a shop in the Dungeon)

   Str:       It affects your strength (+2).
Scrolls
 j - a scroll of blinking
 k - a scroll of identify {unknown}
Potions
 d - a potion of might
 f - a potion of degeneration {unknown}
 g - a potion of haste
 h - 2 potions of magic
 i - a potion of berserk rage


   Skills:
 * Level 9.9 Fighting
 * Level 7.8 Maces & Flails
 * Level 9.8 Armour
 + Level 1.7 Dodging
 * Level 9.1 Shields


You had 5 spell levels left.
You didn't know any spells.
Your spell library was empty.

Dungeon Overview and Level Annotations

Branches:
Dungeon (1/1)

Altars:
Cheibriados
Dithmenos
Elyvilon
Fedhas
Gozag
Hepliaklqana
Kikubaaqudgha
Nemelex Xobeh
Okawaru
Qazlal
Ru
Sif Muna
Trog
Uskayaw
Vehumet
Wu Jian
Yredelemnul
Zin
The Shining One

Shops:
D [

Annotations:
D Sonja


Innate Abilities, Weirdness & Mutations

You have a pair of horns on your head.
You reflexively headbutt those who attack you in melee.


Message History

You open the door.
You start resting.
HP restored.
There is an open door, spattered with blood here.
There is an open door here.
There is an open door, spattered with blood here.
There is an entrance to Meihusur's Antique Armour Emporium here.
There is an iron altar of Okawaru here.
You kneel at the altar of Okawaru.
Okawaru welcomes you!
There is an entrance to Meihusur's Antique Armour Emporium here.
l - the +0 pair of gloves "Acurip" {Str+2} Thank you for shopping at Meihusur's Antique Armour Emporium!
You start putting on your armour.
You continue putting on the +0 pair of gloves "Acurip" {Str+2}. x4
You finish putting on the +0 pair of gloves "Acurip" {Str+2}.
You feel stronger.
There is an open door, spattered with blood here.
There is a radiant altar of Vehumet here.
You see here a yak corpse.
You open the door.
Sonja, the Graceful Assassin comes into view.
She is wielding a +1 short sword of distortion, quivering curare-tipped darts and carrying a wand of acid (7).
Sonja shouts!
Found 108 gold pieces.
Sonja throws a curare-tipped dart.
The curare-tipped dart hits you.
You are poisoned.
You have difficulty breathing.
You feel yourself slow down.
There is an open door here.
You feel very sick.
Sonja hits you with a +1 short sword of distortion!
Space warps around you. Sonja hits you but does no damage.
Sonja hits you with a +1 short sword of distortion.
Space warps horribly around you!
Sonja zaps a wand.
The bolt of acid hits you!
* * * LOW HITPOINT WARNING * * *
You are too injured to fight recklessly!
You are too injured to fight recklessly!
You feel better.
Sonja zaps a wand.
The bolt of acid hits you!
* * * LOW HITPOINT WARNING * * *
Sonja zaps a wand.
The bolt of acid hits you.
You die...

#..'..#..').#..+
#.)#####'#####'#
#..####..#...#.#
#..#__####..##.#
#..#_____##'#_.+
#⌠⌠#_.∩...'..._#
####_..__##_.#+#
#_____###'#
####### #@#


+$K$+ #$.$# ##.## #+# You could see Sonja.

Vanquished Creatures
  Sigmund (D)
  A yak (D)
  An ogre (D)
  A jelly (D)
  Ijyb (D)
5 creatures vanquished.

Notes
Turn   | Place    | Note
-------+----------+-------------------------------------------
     0 | D        | CrazyBamboolord the Minotaur Fighter began the quest for
                  | the Orb.
     0 | D        | Reached XP level 1. HP: 19/19 MP: 0/0
     2 | D        | Noticed Ijyb
    26 | D        | Killed Ijyb
    27 | D        | Reached skill level 5 in Fighting
    27 | D        | Reached skill level 5 in Armour
    27 | D        | Reached skill level 5 in Shields
    27 | D        | Reached XP level 2. HP: 10/29 MP: 1/1
   105 | D        | Noticed an ogre
   115 | D        | Killed an ogre
   116 | D        | Reached XP level 3. HP: 24/38 MP: 2/2
   116 | D        | Reached XP level 4. HP: 28/45 MP: 3/3
   184 | D        | Noticed Sigmund
   195 | D        | Killed Sigmund
   196 | D        | Reached skill level 1 in Dodging
   196 | D        | Reached XP level 5. HP: 56/56 MP: 4/4
   208 | D        | Found a shimmering blue altar of Sif Muna.
   209 | D        | Found an ornate altar of the Wu Jian Council.
   210 | D        | Found a radiant altar of Vehumet.
   213 | D        | Reached XP level 6. HP: 59/63 MP: 5/5
   234 | D        | Found Meihusur's Antique Armour Emporium.
   234 | D        | Found an ancient bone altar of Kikubaaqudgha.
   234 | D        | Found a hazy altar of Hepliaklqana.
   234 | D        | Found a hide-covered altar of Uskayaw.
   234 | D        | Found a basalt altar of Yredelemnul.
   234 | D        | Found an opulent altar of Gozag.
   234 | D        | Found a snail-covered altar of Cheibriados.
   234 | D        | Found a sacrificial altar of Ru.
   234 | D        | Found a shadowy altar of Dithmenos.
   234 | D        | Noticed a yak
   238 | D        | Killed a yak
   239 | D        | Found a stormy altar of Qazlal.
   239 | D        | Found a blossoming altar of Fedhas.
   239 | D        | Found a bloodstained altar of Trog.
   239 | D        | Found an iron altar of Okawaru.
   239 | D        | Found a glowing golden altar of the Shining One.
   239 | D        | Found a glowing silver altar of Zin.
   239 | D        | Found a white marble altar of Elyvilon.
   240 | D        | Found a sparkling altar of Nemelex Xobeh.
   257 | D        | Became a worshipper of Warmaster Okawaru
   259 | D        | Bought a pair of dazzling gloves for 228 gold pieces
   259 | D        | Identified the +0 pair of gloves "Acurip" {Str+2} (You
                  | bought it in a shop in the Dungeon)
   270 | D        | Noticed Sonja
   273 | D        | Killed from afar by Sonja

Illustrated notes

Levels and vault maps discovered:
D:        dungeon_sprint_1 [red_sonja_temple_1, red_sonja_temple_small_1]

Skill      XL: |  1  2  3  4  5  6 |
---------------+-------------------+-----
Fighting       | 5 6 8 9 |  9.9
Maces & Flails | 3 4 6 7 |  7.8
Armour         | 5 6 8 9 |  9.8
Shields        | 5 6 8 9 |  9.1
Dodging        | 1 |  1.7

Action                     |  1- 3 |  4- 6 || total
---------------------------+-------+-------++-------
  Melee: Flail             |    18 |    15 ||    33
         Headbutt          |     3 |     4 ||     7
    Use: Potion            |     1 |     1 ||     2
 Armour: Scale mail        |     7 |     5 ||    12
  Dodge: Dodged            |     8 |     4 ||    12
  Block: Buckler           |     3 |     2 ||     5

Table legend: (Time is in decaauts)
 A = Elapsed time spent in this place.
 B = Non-inter-level travel time spent in this place.
 C = Inter-level travel time spent in this place.
 D = Time resting spent in this place.
 E = Time spent auto-exploring this place.
 F = Levels seen in this place.
 G = Mean time per level.
                   A        B        C        D        E       F      G
               +--------+--------+--------+--------+--------+-----+--------+
         Total |    281 |    275 |      6 |    136 |      0 |   1 |  281.0 |
       Dungeon |    281 |    275 |      6 |    136 |      0 |   1 |  281.0 |
               +--------+--------+--------+--------+--------+-----+--------+

Top non-repeatable levels by time:
       D: 281 daAuts
